Map: Ruins of Endion

Players

Fropez - Winner!

  • Race: Protoss Protoss
  • League: Silver
  • Spawn Location: 5:00

Balthazar

  • Race: Protoss Protoss
  • League: Silver
  • Spawn Location: 7:00

VOD

Have the link to the VOD?

Description

Time

  • Played on: April 22, 2016, 1:49 p.m.
  • Length: 13:11
Show
View Real Time Build Order
Export as new Build Order

Fropez Protoss - Winner!

Build Orders:  

Get SALT Encoding   

  12  0:01  Probe (Chrono Boost)  
  13  0:22  Pylon  
  14  0:28  Probe (Chrono Boost)  
  14  0:32  Assimilator  
  14  0:41  Gateway  
  14  0:48  Pylon  
  14  0:54  Probe (Chrono Boost)  
  15  1:19  Forge, Probe (Chrono Boost)  
  16  1:27  Pylon  
  16  1:31  Probe (Chrono Boost)  
  17  1:35  Zealot (Chrono Boost)  
  19  1:53  Photon Cannon  
  19  1:59  Zealot (Chrono Boost)  
  21  2:04  Probe  
  22  2:21  Probe, Cybernetics Core  
  23  2:33  Probe  
  24  2:45  Probe  
  24  2:50  Photon Cannon  
  25  2:52  Zealot (Chrono Boost)  
  25  2:57  Warp Gate (Chrono Boost)  
  27  3:05  Mothership Core  
  29  3:17  Assimilator  
  29  3:26  Probe  
  29  3:27  Robotics Facility  
  30  3:38  Probe  
  31  3:50  Probe  
  32  4:03  Probe  
  33  4:10  Pylon  
  33  4:15  Probe  
  34  4:23  Pylon  
  34  4:25  Nexus  
  34  4:28  Pylon  
  34  4:29  Protoss Ground Weapons Level 1  
  34  4:32  Observer  
  33  4:49  Mothership Core  
  35  4:56  Observer  
  36  5:10  Probe  
  37  5:17  Stargate  
  37  5:19  Stargate  
  37  5:22  Probe  
  37  5:26  Protoss Air Weapons Level 1 (Chrono Boost)  
  38  5:34  Probe  
  39  5:40  Probe  
  40  5:46  Probe  
  41  5:51  Probe  
  42  5:58  Probe  
  43  6:04  Void Ray, Assimilator  
  43  6:09  Assimilator  
  47  6:13  Pylon  
  47  6:19  Oracle  
  50  6:30  Probe  
  50  6:31  Probe  
  52  6:41  Probe  
  52  6:43  Probe  
  54  6:48  Gateway  
  54  6:57  Probe  
  54  6:58  Probe  
  56  7:02  Oracle (Chrono Boost)  
  56  7:04  Oracle (Chrono Boost)  
  62  7:13  Protoss Shields Level 1  
  62  7:19  Probe  
  62  7:21  Probe  
  64  7:23  Pylon  
  64  7:30  Protoss Air Armor Level 1  
  64  7:31  Probe  
  64  7:33  Probe  
  64  7:36  Zealot  
  68  7:43  Stalker  
  70  7:51  Gateway  
  70  7:56  Photon Cannon  
  70  8:02  Zealot  
  71  8:08  Void Ray x2 (Chrono Boost)  
  79  8:42  Zealot x2  
  79  8:43  Probe  
  79  8:48  Void Ray (Chrono Boost)  
  92  8:49  Void Ray (Chrono Boost)  
  92  9:08  Nexus  
  92  9:09  Probe  
  93  9:11  Probe, Assimilator  
  93  9:14  Assimilator  
  94  9:18  Pylon  
  94  9:20  Pylon  
  94  9:30  Pylon  
  93  9:37  Void Ray (Chrono Boost), Zealot x2  
  101  9:44  Pylon  
  101  9:45  Probe  
  101  9:47  Probe  
  103  9:55  Pylon  
  103  9:58  Probe  
  103  9:59  Probe  
  105  10:00  Twilight Council  
  105  10:10  Probe  
  81  10:51  Probe  
  73  11:10  Adept x3  
  75  11:52  Pylon  
  69  11:58  Stalker  
  69  11:59  Stalker x2  
  74  12:03  Probe  
  74  12:04  Probe  
  74  12:06  Probe  
  77  12:09  Pylon  
  77  12:14  Probe  
  74  12:24  Pylon x2  
  74  12:25  Probe  
  74  12:26  Probe  
  74  12:28  Pylon  
  76  12:53  Probe  
  76  12:55  Probe  
  76  12:57  Probe  
Show
View Real Time Build Order
Export as new Build Order

Balthazar Protoss 

Build Orders:  

Get SALT Encoding   

  13  0:14  Probe (Chrono Boost)  
  13  0:25  Probe (Chrono Boost)  
  14  0:36  Pylon  
  14  0:47  Assimilator  
  14  0:49  Pylon  
  14  1:13  Gateway  
  13  1:21  Gateway  
  13  1:22  Probe (Chrono Boost)  
  13  1:24  Assimilator  
  14  1:26  Assimilator  
  14  1:41  Forge  
  14  1:53  Probe (Chrono Boost)  
  15  2:03  Probe (Chrono Boost)  
  15  2:07  Cybernetics Core  
  16  2:14  Probe (Chrono Boost)  
  19  2:33  Probe (Chrono Boost)  
  19  2:36  Zealot  
  22  2:44  Probe (Chrono Boost)  
  23  2:55  Pylon  
  23  2:59  Photon Cannon  
  23  3:03  Zealot  
  23  3:15  Gateway  
  23  3:18  Pylon  
  23  3:21  Probe (Chrono Boost)  
  24  3:30  Zealot  
  24  3:31  Probe (Chrono Boost)  
  27  3:35  Protoss Ground Armor Level 1  
  27  3:42  Probe (Chrono Boost)  
  28  3:57  Adept  
  28  4:00  Mothership Core (Chrono Boost)  
  32  4:19  Nexus  
  32  4:24  Pylon, Stalker  
  34  4:36  Assimilator  
  34  4:40  Assimilator  
  34  4:56  Stalker  
  34  4:57  Photon Cannon  
  34  4:58  Zealot  
  38  5:13  Probe (Chrono Boost)  
  39  5:17  Warp Gate  
  39  5:32  Protoss Shields Level 1  
  39  5:34  Probe (Chrono Boost)  
  40  5:38  Probe (Chrono Boost)  
  41  5:44  Probe (Chrono Boost)  
  41  5:49  Probe (Chrono Boost)  
  43  5:55  Probe (Chrono Boost)  
  43  5:56  Stalker  
  46  5:59  Probe (Chrono Boost)  
  47  6:06  Probe (Chrono Boost)  
  47  6:10  Probe (Chrono Boost)  
  49  6:16  Probe (Chrono Boost)  
  50  6:20  Probe (Chrono Boost)  
  51  6:32  Stalker x2  
  55  6:41  Pylon  
  55  6:42  Pylon  
  55  6:47  Robotics Facility  
  55  6:50  Pylon  
  55  6:52  Gateway  
  55  6:54  Gateway  
  55  7:02  Sentry, Stalker  
  55  7:04  Probe (Chrono Boost)  
  61  7:08  Probe (Chrono Boost)  
  61  7:15  Probe (Chrono Boost)  
  62  7:19  Probe (Chrono Boost)  
  63  7:25  Probe (Chrono Boost)  
  63  7:29  Sentry, Probe (Chrono Boost)  
  67  7:36  Probe (Chrono Boost)  
  66  7:50  Observer  
  67  8:07  Twilight Council  
  67  8:10  Robotics Bay, Warp Prism  
  69  8:19  Robotics Facility  
  69  8:22  Gateway x2  
  48  8:46  Probe (Chrono Boost), Immortal  
  53  8:50  Stalker  
  53  8:51  Stalker x2  
  53  8:52  Stalker  
  61  8:56  Probe (Chrono Boost)  
  61  9:01  Probe (Chrono Boost)  
  61  9:02  Photon Cannon  
  63  9:07  Probe (Chrono Boost)  
  64  9:44  Disruptor  
  67  9:46  Disruptor  
  67  9:48  Probe (Chrono Boost)  
  67  9:51  Probe (Chrono Boost)  
  72  9:59  Probe (Chrono Boost)  
  73  10:01  Probe (Chrono Boost)  
  73  10:05  Stalker x2  
  78  10:10  Probe (Chrono Boost)  
  78  10:12  Probe (Chrono Boost)  
  78  10:13  Stalker x2  
  84  10:20  Probe (Chrono Boost)  
  66  10:31  Probe (Chrono Boost)  
  61  11:06  Stalker x2  
  61  11:07  Stalker  
  23  13:00  Zealot x2  
Tags
 
Matchup
PvP
Replay Pack
All Mines
Spawn Locations
Close Positions
Add a new tag
Caveats
  • Supply blocks, unpowered buildings, or Contaminate may cause inaccurate times.
  • Supply counts are checked every 10 seconds.